 Dungeon Crawl Stone Soup version 0.29.1-4-g47bece8355 (webtiles) character file.

Game seed: 9411810690423887957

2233 sanboga the Covert (level 9, -1/32 (35) HPs)
             Began as a Spriggan Earth Elementalist on Dec 6, 2022.
             Was a Follower of Hepliaklqana.
             Slain by a wight
             ... wielding a +0 halberd
              (4 damage)
             ... on level 7 of the Dungeon.
             The game lasted 00:13:44 (7733 turns).

sanboga the Covert (Spriggan Earth Elementalist)    Turns: 7733, Time: 00:13:44

HP:   -1/32 (35)    AC:  2    Str:  4    XL:     9   Next: 14%
MP:   25/30         EV: 17    Int: 19    God:    Hepliaklqana [*.....]
Gold: 423           SH:  0    Dex: 17    Spells: 18/22 levels left

rFire   . . .      SeeInvis +   r - staff of conjuration
rCold   . . .      Faith    .   (shield currently unavailable)
rNeg    . . .      Spirit   .   a - +0 robe
rPois   .          Reflect  .   (helmet restricted)
rElec   .          Harm     .   (no cloak)
rCorr   .          Rampage  .   (gloves unavailable)
Will    +....                   (boots unavailable)
Stlth   ++++......              (no amulet)
HPRegen 0.10/turn               j - ring of magical power
MPRegen 0.22/turn               (no ring)

@: drained, very quick
A: reduced essence, very small, no large weapons, unfitting armour, see
invisible, speed 3
a: Renounce Religion, Recall Ancestor, Ancestor Identity


You were on level 7 of the Dungeon.
You worshipped Hepliaklqana.
Hepliaklqana was aware of your devotion.
You visited 2 branches of the dungeon, and saw 8 of its levels.

You collected 423 gold pieces.

Inventory:

Armour
 a - a +0 robe (worn)
Magical Staves
 r - a staff of conjuration (weapon)
Jewellery
 j - a ring of magical power (left hand)
Wands
 t - a wand of roots (9)
 u - a wand of flame (17)
Scrolls
 d - a scroll of noise {unknown}
 e - a scroll of poison {unknown}
 f - a scroll of teleportation {unknown}
 h - 2 scrolls of identify {unknown}
 i - 3 scrolls of amnesia {unknown}
 k - a scroll of enchant weapon {unknown}
 n - 2 scrolls of fog {unknown}
 o - a scroll of enchant armour {unknown}
 v - a scroll of immolation {unknown}
 x - a scroll of blinking {unknown}
Potions
 b - a potion of magic
 c - 2 potions of attraction {unknown}
 g - 3 potions of curing
 l - a potion of flight {unknown}
 m - 2 potions of ambrosia {unknown}
 p - a potion of heal wounds
 q - a potion of mutation {unknown}
 s - a potion of brilliance {unknown}
 w - a potion of degeneration {unknown}


   Skills:
 - Level 2.6 Dodging
 + Level 9.5 Stealth
 + Level 7.4 Spellcasting
 + Level 2.2 Conjurations
 - Level 1.3 Transmutations
 * Level 8.1 Earth Magic


You had 18 spell levels left.
You knew the following spells:

 Your Spells              Type           Power      Damage    Failure   Level
a - Sandblast             Erth           74%        2d16      1%          1
b - Stone Arrow           Conj/Erth      80%        3d12      3%          3

Your spell library contained the following spells:

 Spells                   Type           Power      Damage    Failure   Level
 Passwall                 Tmut/Erth      20%        N/A       1%          2
 Petrify                  Tmut/Erth      25%        N/A       14%         4
 Mephitic Cloud           Conj/Pois/Air  14%        N/A       22%         3
 Ignite Poison            Fire/Tmut/Pois 8%         N/A       24%         3
 Freezing Cloud           Conj/Ice/Air   7%         6-21      89%         5


Dungeon Overview and Level Annotations

Branches:
Dungeon (7/15)             Temple (1/1) D:4

Altars:
Cheibriados
Dithmenos
Elyvilon
Fedhas
Gozag
Hepliaklqana
Kikubaaqudgha
Makhleb
Nemelex Xobeh
Okawaru
Qazlal
Ru
Sif Muna
Trog
Uskayaw
Vehumet
Wu Jian
Xom
Zin
The Shining One

Annotations:
D:4 lotum's ghost, amateur TrWr
Temple 2 transporters


Innate Abilities, Weirdness & Mutations

Your life essence is reduced to manifest your ancestor. (-10% HP)
You are very small and have problems with some larger weapons.
You are too small for most types of armour.
You have supernaturally acute eyesight. (SInv)
You cover ground extremely quickly. (Speed+++)


Message History

Cast which spell? (? or * to list)
Aiming: Sandblast (safe; 1% risk of failure)
Press: ? - help, Shift-Dir - straight line, f - orc wizard
Aim: an orc wizard, wielding a +0 dagger and wearing a +0 robe (moderately wounded, 80% to hit)
The blast of sand hits the orc wizard!
You kill the orc wizard!
Casting: Sandblast (safe; 1% risk of failure)
Confirm with . or Enter, or press ? or * to list all spells.
Aiming: Sandblast (safe; 1% risk of failure)
Press: ? - help, Shift-Dir - straight line, f - wight
Aim: a wight, wielding a +1 short sword and wearing a +0 robe (84% to hit)
The blast of sand hits the wight!
You destroy the wight!
Casting: Sandblast (safe; 1% risk of failure)
Confirm with . or Enter, or press ? or * to list all spells.
Aiming: Sandblast (safe; 1% risk of failure)
Press: ? - help, Shift-Dir - straight line, f - wight
Aim: a wight, wielding a +0 halberd and wearing a +0 robe (84% to hit)
The blast of sand hits the wight but does no damage.
The wight closely misses you. The wight completely misses you.
Casting: Sandblast (safe; 1% risk of failure)
Confirm with . or Enter, or press ? or * to list all spells.
Aiming: Sandblast (safe; 1% risk of failure)
Press: ? - help, Shift-Dir - straight line, f/p - wight
Aim: a wight, wielding a +0 halberd and wearing a +0 robe (84% to hit)
The blast of sand hits the wight.
The wight is lightly damaged.
The wight hits you from afar with a +0 halberd.
You feel drained.
Casting: Sandblast (safe; 1% risk of failure)
Confirm with . or Enter, or press ? or * to list all spells.
Aiming: Sandblast (safe; 1% risk of failure)
Press: ? - help, Shift-Dir - straight line, f/p - wight
Aim: a wight, wielding a +0 halberd and wearing a +0 robe (lightly damaged, 84% to hit)
The blast of sand hits the wight.
The wight is moderately damaged.
The wight hits you from afar with a +0 halberd!
* * * LOW HITPOINT WARNING * * *
You feel drained.
You die...

#.......###...~...##
####....####.........#
...........+.........+
####....####.........#
##..## ##.......## .##
##.....## .# ##...##
.. ##'## .. #@# ..#
#.# #z# .o. .[...
##.).## ..... ...##
#.#.#


You could see a wight and an orc.

Vanquished Creatures
  Grinder (D:6)
  Sigmund (D:2)
  A black bear (D:6)
  An ice beast (D:6)
  3 sky beasts
  An ogre (D:5)
  A phantom (D:5)
  A kobold brigand (D:6)
  2 bullfrogs (D:6)
  4 scorpions
  A necrophage (D:3)
  A wight (D:7)
  4 orc priests
  5 hounds
  A jelly (D:5)
  Natasha (thrice) (D:3)
  3 iguanas
  4 orc wizards
  5 adders
  A white imp (D:6)
  3 ufetubi (D:6)
  5 worms
  A dart slug (D:1)
  9 orcs
  7 endoplasms
  4 giant cockroaches
  5 goblins
  6 hobgoblins
  2 jackals (D:1)
  22 kobolds
  4 quokkas
  4 ball pythons
  4 bats
  3 frilled lizards
  5 rats
128 creatures vanquished.

Vanquished Creatures (others)
  An ancestor (D:7)
1 creature vanquished.

Grand Total: 129 creatures vanquished

Notes
Turn   | Place    | Note
-------+----------+-------------------------------------------
     0 | D:1      | sanboga the Spriggan Earth Elementalist began the quest for
                  | the Orb.
     0 | D:1      | Reached XP level 1. HP: 9/9 MP: 5/5
   202 | D:1      | Reached XP level 2. HP: 13/13 MP: 2/6
   797 | D:1      | Found a faded altar of an unknown god.
  1034 | D:1      | Reached XP level 3. HP: 16/16 MP: 6/8
  1326 | D:2      | Noticed Sigmund
  1524 | D:2      | Killed Sigmund
  1525 | D:2      | Reached skill level 5 in Stealth
  1525 | D:2      | Reached XP level 4. HP: 16/21 MP: 6/11
  1525 | D:2      | Reached XP level 5. HP: 18/24 MP: 6/12
  2567 | D:3      | Noticed Natasha
  2572 | D:3      | Killed Natasha
  2638 | D:3      | Found a sparkling altar of Nemelex Xobeh.
  2760 | D:3      | Noticed Natasha
  2767 | D:3      | Killed Natasha
  2768 | D:3      | Reached XP level 6. HP: 22/28 MP: 13/13
  2779 | D:3      | Noticed Natasha
  2787 | D:3      | Killed Natasha
  2938 | D:3      | Reached skill level 5 in Earth Magic
  3648 | D:4      | Noticed a sky beast
  3654 | D:4      | Killed a sky beast
  3655 | D:4      | Reached skill level 6 in Stealth
  3655 | D:4      | Reached skill level 5 in Spellcasting
  3855 | D:4      | Noticed a sky beast
  3863 | D:4      | Killed a sky beast
  3864 | D:4      | Reached XP level 7. HP: 12/32 MP: 15/15
  4236 | D:4      | Found a transporter.
  4241 | D:4      | Found a transporter.
  4241 | D:4      | Noticed lotum's ghost (amateur TrWr)
  4353 | D:4      | Found a staircase to the Ecumenical Temple.
  4395 | Temple   | Entered the Ecumenical Temple
  4395 | Temple   | Found a transporter.
  4395 | Temple   | Found a transporter.
  4397 | Temple   | Found a transporter.
  4397 | Temple   | Found a transporter.
  4426 | Temple   | Became a worshipper of Hepliaklqana the Forgotten
  4985 | D:5      | Entered Level 5 of the Dungeon
  5020 | D:5      | Reached skill level 7 in Stealth
  5582 | D:5      | Reached XP level 8. HP: 30/36 MP: 18/18
  5602 | D:6      | Learned a level 3 spell: Stone Arrow
  5742 | D:6      | Reached skill level 8 in Stealth
  5876 | D:6      | Reached skill level 1 in Conjurations
  6127 | D:6      | Noticed Grinder
  6142 | D:6      | Killed Grinder
  6283 | D:6      | Reached skill level 9 in Stealth
  6750 | D:6      | Reached XP level 9. HP: 39/39 MP: 20/20
  6879 | D:6      | Reached * piety under Hepliaklqana
  7533 | D:7      | Found a glowing silver altar of Zin.
  7733 | D:7      | Slain by a wight

Illustrated notes

Levels and vault maps discovered:
D:1:      dpeg_arrival_rooms_b, layout_basic, shapermc_ecumenical_altar_pompeii
D:2:      layout_basic, uniq_sigmund
D:3:      layout_loops_ring, nemelex_xobeh_ov_fountains_minmay, uniq_natasha
D:4:      layout_loops_ring, temple_green, gammafunk_ghost_arena,
          chequers_serial_rivers_small_a
D:5:      layout_rooms
D:6:      layout_loops_ring, nicolae_titane, uniq_grinder
D:7:      layout_loops_corners, zin_treasury, old_standard_altar, serial_shops,
          shop, corexii_hall_statues_x
Temple:   hellmonk_temple_divided_pantheon

Skill      XL: |  1  2  3  4  5  6  7  8  9 |
---------------+----------------------------+-----
Earth Magic    | 3 4 5 6 7 8 |  8.1
Spellcasting   | 3 4 5 6 7 |  7.4
Stealth        | 5 6 7 9 |  9.5
Conjurations   | 2 |  2.2
Dodging        | |  2.6
Transmutations | |  1.3

Action                   |  1- 3 |  4- 6 |  7- 9 || total
-------------------------+-------+-------+-------++-------
Melee: Dagger            |       |    84 |    28 ||   112
       Punch             |       |       |     1 ||     1
       Staff             |       |       |     4 ||     4
 Cast: Sandblast         |    52 |    38 |   125 ||   215
Invok: Recall Ancestor   |       |       |     1 ||     1
       Ancestor Identity |       |       |     1 ||     1
 Stab: Sleeping          |       |     6 |     2 ||     8
Armor: Robe              |       |     4 |     7 ||    11
Dodge: Dodged            |    11 |    54 |    64 ||   129
